[Event "IV Open RGCC 2018"]
[Site "Gijon"]
[Date "2018.07.25"]
[Round "3"]
[White "Manolache, Marius"]
[Black "Prieto Aranguren, Alain"]
[Result "1-0"]
[ECO "A45"]
[WhiteElo "2494"]
[BlackElo "2252"]
[Annotator "ChessBase"]
[PlyCount "64"]
[EventDate "2018.07.24"]
[EventType "swiss"]
[EventCountry "ESP"]
[SourceTitle "playchess.com"]
[Source "ChessBase"]
[SourceQuality "1"]
[TimeControl "5400+30"]

1. d4 Nf6 2. Bg5 c5 3. d5 g6 4. Nc3 Bg7 5. e4 d6 6. Qd2 O-O 7. Bc4 a6 8. a4 Qa5 9. Ra2 Nbd7 10. Nf3 Qb4 11. Bd3 c4 12. Be2 Rb8 13. O-O Re8 14. Rd1 Nc5 15. h3 b5 16. axb5 axb5 17. Be3 Bd7 18. e5 dxe5 19. Nxe5 Rec8 20. Bd4 Be8 21. Bf3 Na4 22. Nxa4 Qxd2 23. Rxd2 bxa4 24. Nc6 Bxc6 25. dxc6 Ne8 26. Rxa4 Bxd4 27. Rxd4 Nd6 28. Ra2 Rb5 29. Rd1 Kg7 30. Kf1 Kf6 31. Rd4 Ke5 32. c3 f5 1-0

[Event "IV Open RGCC 2018"]
[Site "Gijon"]
[Date "2018.07.25"]
[Round "3"]
[White "Ardelean, George-Catalin"]
[Black "Forgas Moreno, Yaniela"]
[Result "1-0"]
[ECO "B92"]
[WhiteElo "2475"]
[BlackElo "2242"]
[Annotator "ChessBase"]
[PlyCount "103"]
[EventDate "2018.07.24"]
[EventType "swiss"]
[EventCountry "ESP"]
[SourceTitle "playchess.com"]
[Source "ChessBase"]
[SourceQuality "1"]
[TimeControl "5400+30"]

1. e4 c5 2. Nf3 d6 3. d4 cxd4 4. Nxd4 Nf6 5. Nc3 a6 6. Be2 e5 7. Nf3 Be7 8. Bg5 Nbd7 9. a4 b6 10. Nd2 Bb7 11. Bc4 O-O 12. O-O Qc7 13. Qe2 Rfe8 14. Rfd1 h6 15. Bxf6 Nxf6 16. Nf1 Qc5 17. Bd5 Nxd5 18. Nxd5 Rac8 19. c3 Bg5 20. g3 f5 21. h4 Bd8 22. Nfe3 f4 23. b4 Qc6 24. Nf5 Kh7 25. Qg4 Qd7 26. h5 Kh8 27. Ra2 Bxd5 28. Rxd5 Bc7 29. b5 Bb8 30. Ra3 fxg3 31. Qxg3 Rc4 32. Qd3 Rec8 33. bxa6 Qf7 34. Qf3 g6 35. hxg6 Qxg6+ 36. Kf1 Qg5 37. Ne3 R4c7 38. Rxd6 Rg7 39. Rf6 Qg1+ 40. Ke2 Qc1 41. Rf8+ Rxf8 42. Qxf8+ Kh7 43. Qf5+ Kg8 44. Rb3 Ba7 45. Qc8+ Kh7 46. Rb5 Rf7 47. Qe6 Rc7 48. Qf5+ Kg8 49. Rd5 Qb2+ 50. Rd2 Qxc3 51. Qg6+ Kf8 52. Qf6+ 1-0

[Event "IV Open RGCC 2018"]
[Site "Gijon"]
[Date "2018.07.25"]
[Round "3"]
[White "Vinuela Diaz, Saul"]
[Black "Kaczur, Florian"]
[Result "1/2-1/2"]
[ECO "A09"]
[WhiteElo "2230"]
[BlackElo "2471"]
[Annotator "ChessBase"]
[PlyCount "102"]
[EventDate "2018.07.24"]
[EventType "swiss"]
[EventCountry "ESP"]
[SourceTitle "playchess.com"]
[Source "ChessBase"]
[SourceQuality "1"]
[TimeControl "5400+30"]

1. Nf3 d5 2. c4 d4 3. g3 g6 4. Bg2 Bg7 5. O-O e5 6. d3 Ne7 7. b4 O-O 8. Bb2 a5 9. a3 c5 10. Nbd2 Na6 11. Nb3 cxb4 12. axb4 Nxb4 13. Qd2 Nec6 14. Ba3 Rb8 15. Nxa5 Qxa5 16. Rfb1 Ra8 17. Qb2 Bd7 18. Nd2 Qb6 19. Bxb4 Nxb4 20. Rxa8 Rxa8 21. Qxb4 Qxb4 22. Rxb4 Ra1+ 23. Rb1 Rxb1+ 24. Nxb1 b6 25. Na3 Bf8 26. Nb5 Bc5 27. Kf1 Kg7 28. Ke1 g5 29. Kd2 Bb4+ 30. Kd1 f5 31. e3 dxe3 32. fxe3 g4 33. Ke2 h5 34. Kf2 Kf6 35. Bd5 Kg5 36. d4 exd4 37. Nxd4 Kf6 38. Ne2 Be8 39. Nf4 Be7 40. Nd3 Bd6 41. Nf4 Bf8 42. Ke2 Ke5 43. Bg8 Be7 44. Bh7 Ke4 45. Nd5 Bd8 46. Bg8 h4 47. gxh4 Bxh4 48. Nxb6 Bd8 49. Nd5 Bc6 50. Bf7 Bxd5 51. Bxd5+ Ke5 1/2-1/2

[Event "IV Open RGCC 2018"]
[Site "Gijon"]
[Date "2018.07.25"]
[Round "4"]
[White "Valenzuela Gomez, Fernando"]
[Black "Martinez Alcantara, Jose Eduardo"]
[Result "1/2-1/2"]
[ECO "E32"]
[WhiteElo "2389"]
[BlackElo "2545"]
[Annotator "ChessBase"]
[PlyCount "45"]
[EventDate "2018.07.24"]
[EventType "swiss"]
[EventCountry "ESP"]
[SourceTitle "playchess.com"]
[Source "ChessBase"]
[SourceQuality "1"]
[TimeControl "5400+30"]

1. d4 Nf6 2. c4 e6 3. Nc3 Bb4 4. Qc2 O-O 5. e4 d5 6. e5 Ne4 7. Bd3 c5 8. Nf3 cxd4 9. Nxd4 Nd7 10. Bf4 Ndc5 11. O-O Bxc3 12. bxc3 Bd7 13. Rfc1 Rc8 14. cxd5 exd5 15. f3 Nxd3 16. Qxd3 Nc5 17. Qd2 Re8 18. Re1 Qb6 19. Kh1 Qg6 20. Re3 Ne6 21. Nxe6 fxe6 22. Rd3 Rc4 23. Be3 1/2-1/2

[Event "IV Open RGCC 2018"]
[Site "Gijon"]
[Date "2018.07.25"]
[Round "4"]
[White "Marino Bravo, Miguel Angel"]
[Black "Quesada Perez, Yasser"]
[Result "0-1"]
[ECO "D00"]
[WhiteElo "2194"]
[BlackElo "2531"]
[Annotator "ChessBase"]
[PlyCount "80"]
[EventDate "2018.07.24"]
[EventType "swiss"]
[EventCountry "ESP"]
[SourceTitle "playchess.com"]
[Source "ChessBase"]
[SourceQuality "1"]
[TimeControl "5400+30"]

1. d4 d5 2. Bf4 Nf6 3. e3 e6 4. Nf3 Bd6 5. Bg3 O-O 6. Bd3 b6 7. Qe2 Bb7 8. Nbd2 c5 9. c3 Ne4 10. Ne5 f6 11. Nef3 Qc7 12. Nh4 f5 13. Bxd6 Qxd6 14. Nhf3 Nd7 15. h4 e5 16. Nxe5 Nxe5 17. dxe5 Qxe5 18. O-O-O Qf6 19. f4 Ng3 20. Qf2 Nxh1 21. Rxh1 Rad8 22. Nf3 d4 23. Bc4+ Bd5 24. Bxd5+ Rxd5 25. exd4 cxd4 26. Nxd4 b5 27. Nf3 Qd6 28. g3 b4 29. c4 Qc6 30. b3 Rd3 31. Rf1 Qe4 32. Ne5 Rc3+ 33. Kb2 Re3 34. Ka1 Re2 35. Qc5 Rxa2+ 36. Kxa2 Qe2+ 37. Kb1 Qxf1+ 38. Kc2 Qe2+ 39. Kc1 Rd8 40. Nd7 Qe1+ 0-1

[Event "IV Open RGCC 2018"]
[Site "Gijon"]
[Date "2018.07.26"]
[Round "5"]
[White "Quesada Perez, Yasser"]
[Black "Valenzuela Gomez, Fernando"]
[Result "1-0"]
[ECO "B23"]
[WhiteElo "2531"]
[BlackElo "2389"]
[Annotator "RC"]
[PlyCount "77"]
[EventDate "2018.07.24"]
[EventType "swiss"]
[EventCountry "ESP"]
[SourceTitle "playchess.com"]
[Source "ChessBase"]
[SourceQuality "1"]
[TimeControl "5400+30"]

1. e4 c5 2. Nc3 a6 3. g3 g6 4. Bg2 Bg7 5. d3 d6 6. f4 Nc6 7. Nf3 Bd7 8. O-O Rc8 9. Nd5 Nf6 10. c3 O-O 11. f5 Nxd5 12. exd5 Ne5 13. Nh4 b5 14. Be4 Be8 15. Bg5 Nd7 16. Qd2 Nf6 17. Bf3 Kh8 18. Kh1 Qd7 19. g4 Ng8 20. Rae1 Be5 21. Be4 Bf6 22. Rf3 Kg7 23. Ng2 c4 24. Be3 cxd3 25. Rh3 Kh8 26. Nf4 Qb7 27. fxg6 fxg6 28. Qxd3 e5 29. dxe6 Bc6 30. Bxc6 Qxc6+ 31. Kg1 Ne7 32. Nxg6+ Nxg6 33. Qxg6 Rc7 34. Rf1 Rg7 35. e7 Rff7 36. Rxh7+ Rxh7 37. Rxf6 Rhg7 38. Qh5+ Rh7 39. Qxf7 1-0

[Event "IV Open RGCC 2018"]
[Site "Gijon"]
[Date "2018.07.26"]
[Round "5"]
[White "Lopez Rivera, Jesus"]
[Black "Cori Quispe, Kevin Joel"]
[Result "0-1"]
[ECO "C77"]
[WhiteElo "2330"]
[BlackElo "2487"]
[Annotator "RC"]
[PlyCount "96"]
[EventDate "2018.07.24"]
[EventType "swiss"]
[EventCountry "ESP"]
[SourceTitle "playchess.com"]
[Source "ChessBase"]
[SourceQuality "1"]
[TimeControl "5400+30"]

1. e4 e5 2. Nf3 Nc6 3. Bb5 a6 4. Ba4 Nf6 5. d4 exd4 6. O-O Be7 7. Re1 b5 8. Bb3 O-O 9. e5 Ne8 10. Bd5 Rb8 11. Bxc6 dxc6 12. Nxd4 Qd7 13. Be3 c5 14. Nb3 Qc6 15. Qf3 Qxf3 16. gxf3 f6 17. e6 c4 18. Bc5 Bd6 19. Bxd6 Nxd6 20. Nc5 Re8 21. Nc3 Rb6 22. b4 cxb3 23. cxb3 Rc6 24. b4 Nc4 25. Re2 Bxe6 26. Rae1 Ne5 27. Kg2 Kf7 28. Kg3 Bc4 29. Re3 Re7 30. a3 Ng6 31. f4 a5 32. h4 axb4 33. axb4 h5 34. Ra1 Rd6 35. N3e4 Rd4 36. Rae1 Bd5 37. Nc3 c6 38. N3e4 Bxe4 39. Nxe4 Ra7 40. Rc1 Ne7 41. Kf3 Nf5 42. Rxc6 Nxe3 43. fxe3 Rxb4 44. Nd6+ Kg6 45. Rb6 Ra5 46. f5+ Kh7 47. e4 Ra3+ 48. Kf4 Rbb3 0-1

[Event "IV Open RGCC 2018"]
[Site "Gijon"]
[Date "2018.07.27"]
[Round "6"]
[White "Epishin, Vladimir"]
[Black "Rodriguez Lopez, Rafael"]
[Result "1-0"]
[ECO "D85"]
[WhiteElo "2541"]
[BlackElo "2312"]
[Annotator "ChessBase"]
[PlyCount "73"]
[EventDate "2018.07.24"]
[EventType "swiss"]
[EventCountry "ESP"]
[SourceTitle "playchess.com"]
[Source "ChessBase"]
[SourceQuality "1"]
[TimeControl "5400+30"]

1. d4 Nf6 2. c4 g6 3. Nc3 d5 4. cxd5 Nxd5 5. Bd2 Bg7 6. Nf3 O-O 7. Rc1 Nb6 8. Bf4 c5 9. dxc5 Bxc3+ 10. bxc3 Qxd1+ 11. Kxd1 Na4 12. Nd2 Nxc5 13. e4 Rd8 14. f3 Nd3 15. Bxd3 Rxd3 16. Kc2 Rd8 17. Nb3 Nc6 18. Rhd1 Be6 19. Nc5 Bxa2 20. Nxb7 Rxd1 21. Rxd1 a5 22. Ra1 Bc4 23. Nc5 e5 24. Be3 f6 25. Nd7 a4 26. Nxf6+ Kg7 27. Nd7 Bb3+ 28. Kb2 Rd8 29. Nb6 Rd3 30. Bc1 Rd1 31. Nxa4 Bxa4 32. Rxa4 Rg1 33. g4 Rf1 34. Ra6 Nd8 35. Bg5 Nf7 36. Bf6+ Kh6 37. Ra7 1-0

[Event "IV Open RGCC 2018"]
[Site "Gijon"]
[Date "2018.07.27"]
[Round "6"]
[White "Cori Quispe, Kevin Joel"]
[Black "Quesada Perez, Yasser"]
[Result "1/2-1/2"]
[ECO "B49"]
[WhiteElo "2487"]
[BlackElo "2531"]
[Annotator "RC"]
[PlyCount "116"]
[EventDate "2018.07.24"]
[EventType "swiss"]
[EventCountry "ESP"]
[SourceTitle "playchess.com"]
[Source "ChessBase"]
[SourceQuality "1"]
[TimeControl "5400+30"]

1. e4 c5 2. Nf3 e6 3. d4 cxd4 4. Nxd4 Nc6 5. Nc3 Qc7 6. Be3 a6 7. Be2 Nf6 8. O-O Be7 9. f4 d6 10. a4 O-O 11. Bf3 Nxd4 12. Qxd4 e5 13. Qd2 exf4 14. Bxf4 Be6 15. Rfd1 Rfd8 16. a5 Rac8 17. Kh1 h6 18. h3 Nd7 19. Bg4 Nf6 20. Be2 Nh7 21. Be3 Bg5 22. Ra4 Bxe3 23. Qxe3 Nf6 24. Rb4 Nd7 25. Qd4 Ne5 26. Rb6 Nc6 27. Qa4 Rd7 28. Rd2 Ne5 29. Qb4 Rcd8 30. Na4 Bc4 31. b3 Be6 32. c4 Nc6 33. Qc3 Ne7 34. Rd3 Kh8 35. Qd2 Nc8 36. Bf3 f6 37. e5 dxe5 38. Rxb7 Qxb7 39. Bxb7 Rxd3 40. Qb4 Nd6 41. Bc6 Nf5 42. Nc5 Rd1+ 43. Kh2 Bg8 44. Bf3 Rc1 45. Qa3 Re1 46. Qb4 Rc1 47. Ne4 Nd4 48. Nd6 f5 49. Bd5 f4 50. Bxg8 Kxg8 51. Qb7 Rf8 52. Qd5+ Kh7 53. Qxe5 f3 54. Qe4+ Kg8 55. Qd5+ Kh7 56. Qe4+ Kg8 57. Qd5+ Kh7 58. Qe4+ Kg8 1/2-1/2

[Event "IV Open RGCC 2018"]
[Site "Gijon"]
[Date "2018.07.27"]
[Round "6"]
[White "Campora, Daniel Hugo"]
[Black "Centron Antuna, Daniel"]
[Result "1/2-1/2"]
[ECO "B07"]
[WhiteElo "2405"]
[BlackElo "2231"]
[Annotator "NA"]
[PlyCount "100"]
[EventDate "2018.07.24"]
[EventType "swiss"]
[EventCountry "ESP"]
[SourceTitle "playchess.com"]
[Source "ChessBase"]
[SourceQuality "1"]
[TimeControl "5400+30"]

1. e4 d6 2. d4 Nf6 3. Nc3 g6 4. Bg5 h6 5. Bxf6 {B07: Pirc Defence: Miscellaneous Systems} (5. Bf4 Bg7 6. Qd2 g5 7. Bg3 Nh5 8. O-O-O c6 9. Nge2 b5 10. f4 Qa5 11. a3 Nd7 12. Kb1 Nb6 13. fxg5 Nc4 14. Qd3 hxg5 15. Nc1 Qb6 16. Nb3 {0-1 (38) Amin,B (2689)-Petrosian,T (2601) Riadh 2017}) 5... exf6 6. Bd3 Bg7 7. Nge2 O-O 8. O-O Nc6 9. f4 f5 $146 ({Predecessor:} 9... Bg4 10. Qe1 Nb4 11. h3 Nxd3 12. cxd3 Bd7 {½-½ (52) Herres,J-Volk,T Germany 1977}) 10. exf5 $1 gxf5 11. d5 Ne7 12. Kh1 c6 13. dxc6 bxc6 14. Qd2 Rb8 15. Nd1 Be6 16. Ng3 Qd7 ({Don't go for} 16... Bxb2 $2 17. Nxb2 Rxb2 18. Qc3 $18) 17. c3 d5 18. Nh5 Bh8 19. Qf2 d4 20. c4 c5 ({Black should play} 20... a5 $11) 21. Qh4 (21. b3 $14) 21... Ng6 22. Qh3 Kh7 23. b3 Qe7 (23... Rb6 $14) 24. Nf2 Qh4 25. Qf3 Bc8 26. Qh3 (26. Rae1 $16) 26... Qxh3 27. Nxh3 Nh4 28. Ng3 Kg6 29. Kg1 Bb7 30. Nxf5 Nxf5 31. g4 Bc8 32. Nf2 Rg8 33. gxf5+ Bxf5 34. Kh1 Rbe8 35. Rg1+ Kf6 36. Rxg8 Rxg8 37. Re1 Bxd3 38. Nxd3 Kf5 39. Nxc5 Kxf4 40. Nd3+ Kf3 $1 41. b4 Bf6 $11 42. c5 Bh4 43. Ne5+ Kf2 44. Rd1 Bf6 45. Nc4 Ke2 46. Rd2+ Kf1 47. Rd1+ Ke2 48. Rd2+ Kf1 49. Rd1+ Ke2 50. Rd2+ Kf1 1/2-1/2

[Event "IV Open RGCC 2018"]
[Site "Gijon"]
[Date "2018.07.27"]
[Round "6"]
[White "Torrado Quintela, Julio"]
[Black "Murshed, Niaz"]
[Result "1/2-1/2"]
[ECO "B06"]
[WhiteElo "2195"]
[BlackElo "2403"]
[Annotator "NA"]
[PlyCount "84"]
[EventDate "2018.07.24"]
[EventType "swiss"]
[EventCountry "ESP"]
[SourceTitle "playchess.com"]
[Source "ChessBase"]
[SourceQuality "1"]
[TimeControl "5400+30"]

1. e4 g6 2. d4 Bg7 3. Nc3 d6 4. Bg5 Nd7 5. Qd2 c5 6. dxc5 {B06: Modern Defence} (6. Nge2 a6 7. O-O-O b5 8. h4 Bb7 9. h5 cxd4 10. Nxd4 Ngf6 11. h6 Bf8 12. f3 e5 13. Nb3 Be7 {1-0 (37) Mamedov,N (2610)-Abbasov,F (2553) Baku 2010}) 6... Nxc5 7. O-O-O $146 ({Predecessor:} 7. f4 a6 8. Bd3 b5 9. Nf3 Bb7 10. a3 Nf6 11. Qe2 Ne6 12. f5 gxf5 13. Bc1 fxe4 14. Nxe4 {1-0 (42) Dineley,R (2258)-McNab,C (2439) Sunningdale 2008}) 7... Qa5 8. Bb5+ Kf8 9. Nge2 Be6 10. a3 $1 Nxe4 (10... a6 $5 11. Bd3 $8 Nxd3+ 12. cxd3 Bxc3 13. Nxc3 Bb3 $11) 11. Nxe4 Qxb5 12. N2c3 Qc6 13. Rhe1 {[#]} ({White should try} 13. Be3 $1 $15) 13... Rc8 ({Better is} 13... h6 $1 $17 14. Bf4 Rc8) 14. Kb1 $2 {[#]} ({White should try} 14. Be3 $1 $15) 14... d5 $1 15. Ng3 Bxc3 (15... d4 $19 {has better winning chances.} 16. Nce2 h6) 16. Qxc3 Qxc3 17. bxc3 Rxc3 18. Kb2 Rc6 19. Ne2 Rb6+ 20. Kc1 Ra6 21. Kb2 (21. Rd3 $142) 21... f6 ({Lieber} 21... Kg7 22. Rd3 h6) 22. Be3 Bf7 23. c4 dxc4 24. Rd8+ Kg7 25. Red1 $17 b5 26. Nc3 g5 27. R1d7 Nh6 28. Rxh8 Kxh8 29. Rxe7 Kg8 30. Nxb5 Nf5 31. Rxa7 Rxa7 32. Bxa7 Nh4 33. g3 Nf3 34. Nc7 Nxh2 35. a4 Nf3 36. a5 Bg6 37. a6 Be4 38. Be3 Kf7 39. a7 h5 40. Kc3 h4 41. gxh4 gxh4 42. Kxc4 Bb7 1/2-1/2

[Event "IV Open RGCC 2018"]
[Site "Gijon"]
[Date "2018.07.27"]
[Round "7"]
[White "Martinez Alcantara, Jose Eduardo"]
[Black "Cori Quispe, Kevin Joel"]
[Result "1/2-1/2"]
[ECO "C92"]
[WhiteElo "2545"]
[BlackElo "2487"]
[Annotator "ChessBase"]
[PlyCount "26"]
[EventDate "2018.07.24"]
[EventType "swiss"]
[EventCountry "ESP"]
[SourceTitle "playchess.com"]
[Source "ChessBase"]
[SourceQuality "1"]
[TimeControl "5400+30"]

1. e4 e5 2. Nf3 Nc6 3. Bb5 a6 4. Ba4 Nf6 5. O-O Be7 6. Re1 b5 7. Bb3 O-O 8. h3 d6 9. c3 Bb7 10. d4 Re8 11. Ng5 Rf8 12. Nf3 Re8 13. Ng5 Rf8 1/2-1/2

[Event "IV Open RGCC 2018"]
[Site "Gijon"]
[Date "2018.07.27"]
[Round "7"]
[White "Quesada Perez, Yasser"]
[Black "Villar Nieves, Antonio"]
[Result "1-0"]
[ECO "B24"]
[WhiteElo "2531"]
[BlackElo "2230"]
[Annotator "ChessBase"]
[PlyCount "79"]
[EventDate "2018.07.24"]
[EventType "swiss"]
[EventCountry "ESP"]
[SourceTitle "playchess.com"]
[Source "ChessBase"]
[SourceQuality "1"]
[TimeControl "5400+30"]

1. e4 c5 2. Nc3 Nc6 3. Bb5 g6 4. Bxc6 dxc6 5. d3 Bg7 6. Be3 b6 7. f4 Bd4 8. Qd2 Nf6 9. h3 e5 10. Nf3 Bxe3 11. Qxe3 exf4 12. Qxf4 Qe7 13. O-O Be6 14. Qh6 Nd7 15. Rae1 O-O-O 16. Qf4 f6 17. Nd5 cxd5 18. exd5 Nf8 19. dxe6 Rd6 20. b4 Nxe6 21. bxc5 Rd7 22. Qe4 Qxc5+ 23. Kh1 Nc7 24. Qa4 b5 25. Qb3 Rhd8 26. a4 b4 27. Re4 a5 28. Rc4 Qb6 29. d4 Kb7 30. c3 Nd5 31. cxb4 Nxb4 32. Rfc1 Rd6 33. Rc5 Rc6 34. Qf7+ Qc7 35. Rb5+ Kc8 36. Rxc6 Nxc6 37. Qxf6 Qd6 38. Qf7 Rd7 39. Qg8+ Rd8 40. Qc4 1-0

[Event "IV Open RGCC 2018"]
[Site "Gijon"]
[Date "2018.07.27"]
[Round "7"]
[White "Ardelean, George-Catalin"]
[Black "Manolache, Marius"]
[Result "1/2-1/2"]
[ECO "A46"]
[WhiteElo "2475"]
[BlackElo "2494"]
[Annotator "ChessBase"]
[PlyCount "27"]
[EventDate "2018.07.24"]
[EventType "swiss"]
[EventCountry "ESP"]
[SourceTitle "playchess.com"]
[Source "ChessBase"]
[SourceQuality "1"]
[TimeControl "5400+30"]

1. d4 Nf6 2. Nf3 e6 3. Bf4 b6 4. e3 Bb7 5. Bd3 Be7 6. h3 d5 7. O-O O-O 8. Nbd2 Nbd7 9. c4 c5 10. cxd5 Nxd5 11. Bh2 cxd4 12. Nxd4 Rc8 13. a3 Nc5 14. Be2 1/2-1/2

[Event "IV Open RGCC 2018"]
[Site "Gijon"]
[Date "2018.07.27"]
[Round "7"]
[White "Murshed, Niaz"]
[Black "Santos, Jose Guilherme B Li"]
[Result "1-0"]
[ECO "E73"]
[WhiteElo "2403"]
[BlackElo "2100"]
[Annotator "NA"]
[PlyCount "67"]
[EventDate "2018.07.24"]
[EventType "swiss"]
[EventCountry "ESP"]
[SourceTitle "playchess.com"]
[Source "ChessBase"]
[SourceQuality "1"]
[TimeControl "5400+30"]

1. d4 Nf6 2. c4 g6 3. Nc3 Bg7 4. e4 d6 5. Be2 O-O 6. Bg5 Nbd7 7. Qd2 e5 8. d5 a5 9. Bd1 Nc5 10. Bc2 Bd7 11. Nge2 Qe8 12. O-O b5 13. cxb5 Bxb5 14. Rfe1 Ba6 15. Be3 Ncd7 16. Ba4 Qc8 17. Bc6 Bb7 18. Bxb7 Qxb7 19. f3 Qa6 20. a4 Nb6 21. b3 Rac8 22. Nb5 Rfd8 23. Rac1 c6 24. Rxc6 Rxc6 25. dxc6 d5 26. Rc1 d4 27. Bg5 Nc8 28. Kh1 Na7 29. Nxa7 Qxa7 30. Nc3 h6 31. Nd5 Rxd5 32. c7 Rc5 33. Rxc5 Qxc5 34. Qc1 1-0

[Event "IV Open RGCC 2018"]
[Site "Gijon"]
[Date "2018.07.27"]
[Round "7"]
[White "Kaganskiy, Gleb"]
[Black "Epishin, Vladimir"]
[Result "1/2-1/2"]
[ECO "A05"]
[WhiteElo "2278"]
[BlackElo "2541"]
[Annotator "ChessBase"]
[PlyCount "76"]
[EventDate "2018.07.24"]
[EventType "swiss"]
[EventCountry "ESP"]
[SourceTitle "playchess.com"]
[Source "ChessBase"]
[SourceQuality "1"]
[TimeControl "5400+30"]

1. Nf3 Nf6 2. c4 b6 3. g3 Bb7 4. Bg2 e6 5. O-O Be7 6. Nc3 O-O 7. Re1 d5 8. cxd5 exd5 9. d4 Nbd7 10. Bf4 c6 11. Rc1 h6 12. Ne5 Nxe5 13. Bxe5 Qd7 14. e4 dxe4 15. Nxe4 Nd5 16. Nc3 Nxc3 17. bxc3 Rfe8 18. Rc2 Bf8 19. Rce2 Re7 20. Bf4 Rae8 21. Rxe7 Rxe7 22. Rxe7 Bxe7 23. Qa4 a6 24. Qb3 b5 25. Be3 c5 26. dxc5 Bxg2 27. Kxg2 Bxc5 28. Bxc5 Qc6+ 29. Kg1 Qxc5 30. Qb4 Qd5 31. Qa5 Qe6 32. h4 Kh7 33. a3 g5 34. hxg5 hxg5 35. Qc7 Kg6 36. Qc5 f5 37. Kh2 g4 38. Kg1 Qe1+ 1/2-1/2

[Event "IV Open RGCC 2018"]
[Site "Gijon"]
[Date "2018.07.27"]
[Round "7"]
[White "Centron Antuna, Daniel"]
[Black "Kaczur, Florian"]
[Result "0-1"]
[ECO "D52"]
[WhiteElo "2231"]
[BlackElo "2471"]
[Annotator "ChessBase"]
[PlyCount "76"]
[EventDate "2018.07.24"]
[EventType "swiss"]
[EventCountry "ESP"]
[SourceTitle "playchess.com"]
[Source "ChessBase"]
[SourceQuality "1"]
[TimeControl "5400+30"]

1. d4 Nf6 2. Nf3 d5 3. c4 e6 4. Nc3 Nbd7 5. Bg5 c6 6. e3 h6 7. Bh4 g5 8. Bg3 Nh5 9. Be5 Nxe5 10. Nxe5 Nf6 11. c5 Nd7 12. f4 gxf4 13. exf4 Nxe5 14. fxe5 Rg8 15. g3 b6 16. b4 bxc5 17. bxc5 Qa5 18. Qd2 Be7 19. Ne4 Qa3 20. Qc3 Qxc3+ 21. Nxc3 f6 22. exf6 Bxf6 23. O-O-O Rg4 24. Ne2 Re4 25. Rd2 Rb8 26. Bg2 Re3 27. Rf1 Ke7 28. Rf3 Rxf3 29. Bxf3 Rb4 30. Bg4 Ba6 31. h4 e5 32. dxe5 Bxe5 33. Bf3 Rc4+ 34. Kd1 Rxc5 35. g4 Rc4 36. Rc2 Rxc2 37. Kxc2 Bxe2 38. Bxe2 Bf6 0-1

[Event "IV Open RGCC 2018"]
[Site "Gijon"]
[Date "2018.07.28"]
[Round "8"]
[White "Martinez Alcantara, Jose Eduardo"]
[Black "Quesada Perez, Yasser"]
[Result "1-0"]
[ECO "C78"]
[WhiteElo "2545"]
[BlackElo "2531"]
[Annotator "ChessBase"]
[PlyCount "139"]
[EventDate "2018.07.24"]
[EventType "swiss"]
[EventCountry "ESP"]
[SourceTitle "playchess.com"]
[Source "ChessBase"]
[SourceQuality "1"]
[TimeControl "5400+30"]

1. e4 e5 2. Nf3 Nc6 3. Bb5 a6 4. Ba4 Nf6 5. O-O b5 6. Bb3 Bc5 7. c3 d6 8. a4 Rb8 9. d4 Bb6 10. a5 Ba7 11. h3 O-O 12. Be3 Ra8 13. Nbd2 h6 14. Re1 Re8 15. g4 exd4 16. cxd4 d5 17. e5 Ne4 18. Bc2 Bb7 19. Nxe4 dxe4 20. Bxe4 Nxa5 21. Bxb7 Nxb7 22. Rxa6 Qd5 23. Nh4 Bb6 24. Rxa8 Rxa8 25. Nf5 Re8 26. g5 Nd6 27. Ng3 Nc4 28. gxh6 Re6 29. Qg4 Rg6 30. Qc8+ Kh7 31. hxg7 Rxg7 32. Kh2 Bxd4 33. Bxd4 Qxd4 34. Qf5+ Kg8 35. Re4 Qc5 36. e6 Qe7 37. Qxb5 Nd6 38. Qb8+ Qf8 39. exf7+ Rxf7 40. Rg4+ Kh7 41. Qxf8 Rxf8 42. Kg2 c5 43. Rg5 Rb8 44. Rxc5 Rxb2 45. Rc7+ Kg8 46. Kf3 Rb4 47. Nh5 Nf5 48. Nf6+ Kf8 49. Ng4 Nh4+ 50. Kg3 Nf5+ 51. Kg2 Nh4+ 52. Kh2 Nf5 53. Rc5 Nd6 54. f3 Rb3 55. Kg2 Nb5 56. Rc8+ Ke7 57. Rb8 Kd6 58. h4 Kc7 59. Rf8 Nd6 60. Ne5 Rb2+ 61. Kg3 Rb1 62. h5 Rh1 63. Kg4 Nb5 64. Rf6 Nd4 65. h6 Ne2 66. Kg5 Kd8 67. Rf7 Ke8 68. Ra7 Nd4 69. h7 Ne6+ 70. Kf6 1-0

[Event "IV Open RGCC 2018"]
[Site "Gijon"]
[Date "2018.07.28"]
[Round "8"]
[White "Reinaldo Castineira, Roi"]
[Black "Jimenez Almeida, Luis David"]
[Result "0-1"]
[ECO "B01"]
[WhiteElo "2503"]
[BlackElo "2223"]
[Annotator "ChessBase"]
[PlyCount "118"]
[EventDate "2018.07.24"]
[EventType "swiss"]
[EventCountry "ESP"]
[SourceTitle "playchess.com"]
[Source "ChessBase"]
[SourceQuality "1"]
[TimeControl "5400+30"]

1. e4 d5 2. exd5 Qxd5 3. Nc3 Qd6 4. Bc4 Nf6 5. d3 a6 6. a4 Nc6 7. Nge2 e5 8. O-O Bg4 9. h3 Bh5 10. Qe1 O-O-O 11. Ng3 Bg6 12. Bg5 Nd4 13. Qd1 Qc6 14. Re1 Kb8 15. Rxe5 Bd6 16. Re3 Nxc2 17. Qxc2 Qxc4 18. Nge4 Bxe4 19. dxe4 Be5 20. Bxf6 Bxf6 21. e5 Be7 22. Re4 Rd4 23. Rxd4 Qxd4 24. Qf5 g6 25. Qxf7 Qxe5 26. Rd1 Bd6 27. g3 Bc5 28. Qf4 Qxf4 29. gxf4 Rf8 30. Ne2 Bd6 31. Rd4 Rf5 32. Kg2 b5 33. b3 Kb7 34. Kf3 Rh5 35. Ng3 Rxh3 36. Kg4 Rh2 37. Ne4 Kc6 38. axb5+ axb5 39. f5 h5+ 40. Kg5 Be5 41. Rd3 Rg2+ 42. Ng3 gxf5 43. Kxf5 Bxg3 44. fxg3 Rc2 45. Ke4 b4 46. Rd4 Kb5 47. Rd5+ Rc5 48. Rd8 Rc3 49. Rb8+ Kc5 50. Rh8 Rxg3 51. Rxh5+ Kb6 52. Kd5 c5 53. Rh8 Rd3+ 54. Ke4 Rxb3 55. Kd5 Rd3+ 56. Kc4 Rc3+ 57. Kd5 Kb5 58. Ra8 Rd3+ 59. Ke4 Rd4+ 0-1